 Dungeon Crawl Stone Soup version 0.30-a0-737-gf23d94013f (webtiles) character file.

Game seed: 13066004134006915155

430 HoaS the Ruffian (level 6, -9/55 HPs)
             Began as a Troll Gladiator on Feb 2, 2023.
             Mangled by Duvessa
             ... wielding a +0 short sword
              (19 damage)
             ... on level 3 of the Dungeon.
             The game lasted 00:04:58 (2674 turns).

HoaS the Ruffian (Troll Gladiator)                  Turns: 2674, Time: 00:04:59

Health: -9/55      AC:  4    Str: 23    XL:     6   Next: 66%
Magic:  5/5        EV: 10    Int:  4    God:
Gold:   197        SH:  0    Dex: 13    Spells: 5/5 levels left

rFire   . . .      SeeInvis .      - Unarmed
rCold   . . .      Faith    .    (no shield)
rNeg    . . .      Spirit   .    a - +0 robe
rPois   .          Reflect  .    b - +0 hat
rElec   .          Harm     .    (no cloak)
rCorr   +          Rampage  .    (gloves unavailable)
Will    .....                    (boots unavailable)
Stlth   +                        (no amulet)
HPRegen 1.09/turn                f - ring of resist corrosion
MPRegen 0.09/turn                (no ring)

@: no status effects
A: large, unfitting armour, claws 3, regeneration 1, shaggy fur 1, tough skin 1
a: no special abilities


You were on level 3 of the Dungeon.
You visited 1 branch of the dungeon, and saw 4 of its levels.

You collected 197 gold pieces.

Inventory:

Missiles
 c - 3 throwing nets (quivered)
 d - 6 large rocks
 i - 6 boomerangs
 j - 8 poisoned darts
Armour
 a - a +0 robe (worn)
 b - a +0 hat (worn)
Jewellery
 f - a ring of resist corrosion (left claw)
Potions
 e - 2 potions of mutation
 g - a potion of berserk rage {unknown}
 h - 2 potions of cancellation {unknown}
 k - a potion of flight {unknown}
 l - 2 potions of attraction {unknown}
 m - a potion of might {unknown}
 n - a potion of lignification {unknown}


   Skills:
 - Level 1.5 Fighting
 - Level 1.7 Throwing
 - Level 2.4 Dodging
 + Level 7.6 Unarmed Combat


You had 5 spell levels left.
You didn't know any spells.
Your spell library contained the following spells:

 Spells                   Type           Power      Damage    Failure   Level
 Kindle Blastsparks       Fire/Tloc/Air  0%         2d10      86%         3
 Fulminant Prism          Conj/Hex       0%         3d5       99%         4
 Iskenderun's Mystic Bla  Conj/Tloc      0%         2d3       99%         4
 Lee's Rapid Deconstruct  Erth           0%         3d4*      100%        5


Dungeon Overview and Level Annotations

Branches:
Dungeon (4/15)
 Temple: D:4-7

Altars:

Shops:
D:3 ?

Annotations:
D:3 Duvessa


Innate Abilities, Weirdness & Mutations

You are too large for most types of armour.
You have claws for hands.
Your natural rate of healing is unusually fast.
You are covered in fur. (AC +1)
You have tough skin. (AC +1)


Message History

The gnoll shouts! x2; You hear an angry hiss.
You hear a shout!
A gnoll bouda comes into view. It is wielding a +0 whip.
Duvessa, Sister of Dowan comes into view.
She is wielding a +0 short sword.
Found a scroll labelled QUELOOLIUMN.
Duvessa shouts!
Duvessa goes berserk!
An iguana comes into view.
There is a stone staircase leading up here.
Duvessa rages.
The gnoll hits you from afar with a +0 spear.
The gnoll bouda barks out a call to the hunt!
The gnolls pick up the pace!
The gnoll hits you from afar with a +0 spear.
The gnoll hits you but does no damage.
Okay, then.
Duvessa hits you with a +0 short sword.
The gnoll hits you from afar with a +0 spear!
The gnoll hits you from afar with a +0 spear.
Duvessa hits you with a +0 short sword!
You climb upwards.
There is a stone staircase leading down here.
You scratch Duvessa but do no damage. Duvessa hits you with a +0 short sword.
You scratch Duvessa.
Duvessa is lightly wounded.
Duvessa closely misses you.
You barely miss Duvessa.
Duvessa is lightly wounded.
Duvessa barely misses you. Duvessa hits you with a +0 short sword!
You closely miss Duvessa. You claw Duvessa.
Duvessa is lightly wounded.
Duvessa hits you with a +0 short sword!
* * * LOW HITPOINT WARNING * * *
You claw Duvessa!
Duvessa is moderately wounded.
Duvessa hits you with a +0 short sword.
* * * LOW HITPOINT WARNING * * *
You claw Duvessa!
Duvessa is heavily wounded.
Duvessa hits you with a +0 short sword!!
You die...

##### #...# ####### #...#
#.....# #...##
#.....#######.....
#@e.........'.....
#......######.....
#........# ##'#..
#......#.# #.###
###############...# #.#
#<.)[.........##..#####.#
#############.##.....(..#
#.###.#####.## #.#
#.#####..##


You could see Duvessa (berserk).

Vanquished Creatures
  Sigmund (D:2)
  Dowan (D:4)
  An orc priest (D:3)
  A hound (D:4)
  Jessica (D:2)
  An orc wizard (D:3)
  3 adders
  A dart slug (D:1)
  13 orcs
  7 ball pythons
  2 bats
  5 endoplasms
  6 giant cockroaches
  6 goblins
  2 hobgoblins
  8 jackals
  2 quokkas
  4 frilled lizards
  5 kobolds
  5 rats
75 creatures vanquished.

Notes
Turn   | Place    | Note
-------+----------+-------------------------------------------
     0 | D:1      | HoaS the Troll Gladiator began the quest for the Orb.
     0 | D:1      | Reached XP level 1. HP: 19/19 MP: 0/0
   179 | D:1      | Reached XP level 2. HP: 26/27 MP: 1/1
   371 | D:1      | Reached skill level 4 in Unarmed Combat
   991 | D:2      | Reached XP level 3. HP: 33/33 MP: 2/2
  1235 | D:2      | Noticed Jessica
  1240 | D:2      | Killed Jessica
  1241 | D:2      | Reached XP level 4. HP: 38/41 MP: 3/3
  1334 | D:2      | Reached skill level 5 in Unarmed Combat
  1454 | D:2      | Noticed Sigmund
  1459 | D:2      | Killed Sigmund
  1460 | D:2      | Reached skill level 6 in Unarmed Combat
  1460 | D:2      | Reached XP level 5. HP: 24/48 MP: 4/4
  1618 | D:3      | Reached XP level 6. HP: 55/55 MP: 5/5
  2094 | D:3      | Reached skill level 7 in Unarmed Combat
  2414 | D:3      | Found Amahobet's Magic Scroll Shop.
  2624 | D:4      | Noticed Dowan
  2629 | D:4      | Killed Dowan
  2664 | D:4      | Noticed Duvessa
  2674 | D:3      | Mangled by Duvessa

Illustrated notes

Levels and vault maps discovered:
D:1:      dpeg_arrival_three_bigger_balls, layout_loops_ring,
          minmay_fountain_box, minmay_misc_feat_five, nicolae_titane
D:2:      layout_basic, uniq_sigmund, uniq_jessica
D:3:      layout_basic, serial_shops, nicolae_shop_trees, hangedman_decor_points
D:4:      kb_forest_paths, layout_basic, amcnicky_altar_gilded,
          minmay_pentomino_pile, uniq_duvessa

Skill      XL: |  1  2  3  4  5  6 |
---------------+-------------------+-----
Unarmed Combat | 4 6 7 |  7.6
Fighting       | |  1.5
Throwing       | |  1.7
Dodging        | |  2.4

Action                     |  1- 3 |  4- 6 || total
---------------------------+-------+-------++-------
  Melee: Unarmed           |    68 |   105 ||   173
         Punch             |     2 |     6 ||     8
    Use: Scroll            |     2 |     2 ||     4
   Stab: Sleeping          |     4 |     2 ||     6
         Distracted        |       |     1 ||     1
 Armour: Robe              |    12 |    28 ||    40
  Dodge: Dodged            |    24 |    47 ||    71

Table legend: (Time is in decaauts)
 A = Elapsed time spent in this place.
 B = Non-inter-level travel time spent in this place.
 C = Inter-level travel time spent in this place.
 D = Time resting spent in this place.
 E = Time spent auto-exploring this place.
 F = Levels seen in this place.
 G = Mean time per level.
                   A        B        C        D        E       F      G
               +--------+--------+--------+--------+--------+-----+--------+
         Total |   2656 |   2350 |    306 |    191 |   1733 |   4 |  664.0 |
       Dungeon |   2656 |   2350 |    306 |    191 |   1733 |   4 |  664.0 |
               +--------+--------+--------+--------+--------+-----+--------+

Top non-repeatable levels by time:
     D:3: 955 daAuts
     D:2: 840 daAuts
     D:1: 805 daAuts
     D:4: 54 daAuts
